 Dungeon Crawl Stone Soup version 0.27-a0-1137-g3ef0f4ec91 (webtiles) character file.

Game seed: 14865623130581323801

22 kae the Skirmisher (level 2, 24/24 HPs)
             Began as a Demonspawn Abyssal Knight on May 6, 2021.
             Was a Follower of Lugonu.
             Quit the game on level 2 of the Dungeon.
             The game lasted 00:00:31 (1097 turns).

kae the Skirmisher (Demonspawn Abyssal Knight)      Turns: 1097, Time: 00:00:31

Health: 24/24      AC:  3    Str: 10    XL:     2   Next: 68%
Magic:  3/3        EV: 11    Int: 13    God:    Lugonu [*.....]
Gold:   34         SH:  4    Dex: 12    Spells: 1/1 levels left

rFire    . . .     SeeInvis .   a - +1 falchion
rCold    . . .     Faith    .   (no shield)
rNeg     . . .     Spirit   .   b - +0 leather armour
rPois    .         Reflect  .   (no helmet)
rElec    .         Harm     .   (no cloak)
rCorr    .         Rampage  .   (no gloves)
Will     .....     Rnd*Rage +   (no boots)
Stlth    +.........             (no amulet)
HPRegen  0.08/turn              (no ring)
MPRegen  0.08/turn              (no ring)

@: no status effects
A: large bone plates 1, berserk 1, weak 1
a: Renounce Religion, Depart the Abyss


You were on level 2 of the Dungeon.
You worshipped Lugonu.
Lugonu was aware of your devotion.
You visited 1 branch of the dungeon, and saw 2 of its levels.
You visited the Abyss 1 time.

You collected 34 gold pieces.

Inventory:

Hand Weapons
 a - a +1 falchion (weapon)
Armour
 b - a +0 leather armour (worn)
Potions
 d - a potion of curing {unknown}
 e - a potion of might {unknown}
 f - a potion of brilliance {unknown}
 g - 2 potions of attraction {unknown}


   Skills:
 - Level 3.0 Fighting
 + Level 3.0 Long Blades
 - Level 1.7 Armour
 - Level 0.8 Dodging
 - Level 2.4 Invocations


You had one spell level left.
You didn't know any spells.
Your spell library was empty.

Dungeon Overview and Level Annotations

Branches:
Dungeon (2/15)

Altars:


Innate Abilities, Weirdness & Mutations

You are partially covered in large bone plates. (SH +4)
You tend to lose your temper in combat.
You are weak. (Str -2)


Message History

Found a stone staircase leading down.
No target in view!
No target in view!
Key pressed, stopping explore.
No target in view!
No target in view!
There is a large open door here.
Partly explored, can't reach some places.
No target in view!
No target in view!
Partly explored, can't reach some places.
No target in view!
No target in view!
Partly explored, can't reach some places.
Partly explored, can't reach some places.
No target in view!
No target in view!
Partly explored, can't reach some places.
No target in view!
No target in view!
(D) Dungeon
Where to? (? - help)
There is a large open door here.
There is a stone staircase leading down here.
You climb downwards.
There is a stone staircase leading up here.
Okay, then.
You aren't carrying any pieces of jewellery.
As you read the scroll labelled CIKHYF ICWUMAM, it crumbles to dust.
You hear a loud clanging noise!
It was a scroll of noise.
Unknown command.
Found a whip.
You stumble into a teleport trap!
You are suddenly yanked towards a nearby monster!
Your surroundings suddenly seem different.
Found a leather armour.
A dart slug comes into view.
A dart slug is nearby!
Are you sure you want to abandon this character and quit the game? (Confirm with "yes".) ###########.. #[...@...w... ##.########..

You could see a dart slug (asleep).

Vanquished Creatures
  2 dart slugs (D:1)
  3 ball pythons (D:1)
  An endoplasm (D:1)
  A giant cockroach (D:1)
  3 bats (D:1)
  A frilled lizard (D:1)
  4 kobolds (D:1)
  5 rats (D:1)
20 creatures vanquished.

Notes
Turn   | Place    | Note
-------+----------+-------------------------------------------
     0 | Abyss:1  | kae the Demonspawn Abyssal Knight began the quest for the
                  | Orb.
     0 | Abyss:1  | Reached XP level 1. HP: 18/18 MP: 2/2
   148 | Abyss:1  | Noticed a neqoxec
   153 | Abyss:1  | Gained mutation: You tend to lose your temper in combat. [a
                  | neqoxec]
   158 | Abyss:1  | Gained mutation: You are weak. (Str -2) [a neqoxec]
   159 | D:1      | Escaped the Abyss
   196 | D:1      | Found a faded altar of an unknown god.
   370 | D:1      | Reached * piety under Lugonu
   517 | D:1      | Gained mutation: You are partially covered in large bone
                  | plates. (SH +4) [demonic ancestry]
   517 | D:1      | Reached XP level 2. HP: 24/24 MP: 3/3
  1097 | D:2      | Quit the game

Illustrated notes

Levels and vault maps discovered:
D:1:      lightli_molten_gateway, layout_rooms,
          shapermc_ecumenical_altar_mp_urbaneastern
D:2:      layout_basic

Skill      XL: |  1  2 |
---------------+-------+-----
Long Blades    | 2 3 |  3.0
Fighting       | |  3.0
Armour         | |  1.7
Dodging        | |  0.8
Invocations    | |  2.4

Action                   || total
-------------------------++-------
Melee: Falchion          ||    50
Invok: Depart the Abyss  ||     1
  Use: Potion            ||     1
       Scroll            ||     1
Armor: Leather armour    ||    16
Dodge: Dodged            ||    27
Block: Other             ||     5
       Rpst.: Falchion   ||    10

Table legend: (Time is in decaauts)
 A = Elapsed time spent in this place.
 B = Non-inter-level travel time spent in this place.
 C = Inter-level travel time spent in this place.
 D = Time resting spent in this place.
 E = Time spent auto-exploring this place.
 F = Levels seen in this place.
 G = Mean time per level.
                   A        B        C        D        E       F      G
               +--------+--------+--------+--------+--------+-----+--------+
         Total |   1116 |   1065 |     51 |      2 |    924 |   3 |  372.0 |
       Dungeon |    955 |    904 |     51 |      0 |    776 |   2 |  477.5 |
         Abyss |    160 |    160 |      0 |      2 |    148 |   1 |  160.0 |
               +--------+--------+--------+--------+--------+-----+--------+

Top non-repeatable levels by time:
     D:1: 947 daAuts
 Abyss:1: 160 daAuts
     D:2: 8 daAuts
